Map: Data-C

Players

A.I. 1 (Elite)

  • Race: Zerg Zerg
  • Spawn Location: 9:00

Mouren - Winner!

  • Race: Zerg Zerg
  • League: Diamond
  • Spawn Location: 3:00

VOD

Have the link to the VOD?

Description

Time

  • Played on: July 27, 2022, 11:12 p.m.
  • Length: 5:22
Show
View Real Time Build Order
Export as new Build Order

A.I. 1 (Elite) Zerg 

Build Orders: Pool First 

Get SALT Encoding   

  12  0:00  Drone  
  13  0:12  Overlord  
  13  0:16  Drone  
  14  0:30  Drone x2  
  16  0:41  Spawning Pool  
  15  0:45  Drone  
  15  0:49  Drone  
  17  1:11  Hatchery  
  17  1:14  Drone  
  17  1:17  Extractor  
  16  1:20  Extractor  
  16  1:21  Drone  
  16  1:25  Drone  
  17  1:30  Drone  
  18  1:38  Drone  
  19  1:48  Overlord  
  19  1:56  Queen  
  21  2:02  Zergling x2  
  22  2:10  Drone  
  23  2:23  Queen  
  23  2:28  Drone  
  26  2:35  Drone  
  27  2:38  Drone  
  27  2:42  Drone  
  29  2:57  Roach Warren  
  29  2:58  Drone  
  29  3:01  Drone  
  29  3:05  Zergling x2  
  31  3:08  Zergling x2  
  32  3:14  Overlord  
  32  3:17  Drone  
  33  3:20  Drone  
  34  3:36  Roach x2  
  34  3:39  Zergling x2, Roach  
  34  3:40  Roach  
  42  3:46  Lair  
  42  3:51  Overlord  
  42  3:57  Overlord  
  42  3:59  Zergling x2  
  43  4:08  Zergling x2  
  43  4:09  Zergling x4, Drone  
  46  4:11  Zergling x2  
  43  4:19  Queen  
  43  4:23  Roach  
  45  4:26  Zergling x2  
  45  4:28  Drone  
  43  4:32  Roach  
  43  4:36  Roach  
  42  4:39  Zergling x2  
  42  4:41  Zergling x2  
  42  4:46  Roach  
  42  4:49  Zergling x2  
  42  4:52  Zergling x2  
  44  4:56  Drone  
Show
View Real Time Build Order
Export as new Build Order

Mouren Zerg - Winner!

Build Orders: Hatch First 

Get SALT Encoding   

  12  0:00  Drone  
  13  0:12  Overlord  
  13  0:17  Drone  
  14  0:22  Extractor  
  14  0:24  Drone  
  14  0:30  Drone  
  15  0:35  Drone  
  15  0:41  Evolution Chamber  
  15  0:48  Drone  
  16  0:57  Drone  
  17  1:16  Hatchery  
  16  1:19  Drone  
  16  1:23  Drone  
  18  1:30  Drone  
  19  1:44  Spawning Pool  
  18  1:47  Drone  
  19  1:55  Overlord  
  19  2:02  Zerg Melee Weapons Level 1  
  19  2:10  Drone  
  19  2:12  Drone  
  21  2:23  Drone  
  22  2:30  Metabolic Boost  
  22  2:31  Queen  
  22  2:33  Zergling x2  
  25  2:45  Zergling x2  
  25  2:50  Queen  
  28  2:55  Zergling x2  
  29  3:01  Zergling x6  
  32  3:11  Zergling x2  
  33  3:17  Zergling x4  
  35  3:27  Zergling x2  
  35  3:29  Overlord  
  36  3:38  Hatchery  
  36  3:39  Zergling x2  
  36  3:41  Overlord  
  35  3:42  Drone  
  35  3:48  Zergling x6  
  37  3:54  Zergling x2  
  40  4:00  Zergling x4  
  40  4:01  Zergling x4  
  44  4:03  Queen  
  44  4:06  Zergling x2  
  44  4:10  Zergling x4  
  44  4:11  Zergling x2  
  43  4:20  Zergling x6  
  43  4:26  Zergling x2  
  43  4:30  Zergling x2  
  43  4:31  Zergling x4  
  46  4:37  Zergling x2  
  44  4:46  Zergling x2  
  44  4:47  Zergling x2  
  48  4:54  Zergling x2  
  48  4:55  Zergling x2  
  48  5:00  Zergling x6  
Tags
 
League
Diamond
Matchup
ZvZ
Race
Zerg
Spawn Locations
Cross Positions
Add a new tag
Caveats
  • Supply blocks, unpowered buildings, or Contaminate may cause inaccurate times.
  • Supply counts are checked every 10 seconds.